 Dungeon Crawl Stone Soup version 0.22-a0-204-g464ede7bef (webtiles) character file.

135 RedPan the Slasher (level 4, -7/35 HPs)
             Began as a Demonspawn Monk on Feb 18, 2018.
             Killed by divine providence
             ... invoked by an orc priest
              (8 damage)
             ... on level 4 of the Dungeon.
             The game lasted 00:05:07 (4216 turns).

RedPan the Slasher (Demonspawn Monk)                Turns: 4216, Time: 00:05:08

Health: -7/35      AC: 10    Str: 12    XL:     4   Next: 97%
Magic:  0/4        EV:  9    Int: 12    God:
Gold:   10         SH:  7    Dex: 15    Spells: 3/3 levels left

rFire    . . .     SeeInvis .   a - +0 falchion
rCold    . . .     Gourm    .   q - +0 shield
rNeg     . . .     Faith    .   f - +0 ring mail
rPois    +         Spirit   +   l - +0 helmet
rElec    .         Reflect  .   (no cloak)
rCorr    .         Harm     .   u - +1 pair of gloves
MR       .....                  (no boots)
Stlth    +.........             (no amulet)
HPRegen  0.11/turn              x - ring of poison resistance
MPRegen  0.09/turn              (no ring)

@: no status effects
A: icy blue scales 1, magic shield
a: no special abilities


You were on level 4 of the Dungeon.
You were near starving.

You visited 1 branch of the dungeon, and saw 4 of its levels.

You collected 166 gold pieces.
You spent 156 gold pieces at shops.

Inventory:

Hand Weapons
 a - a +0 falchion (weapon)
Armour
 f - a +0 ring mail (worn)
 l - a +0 helmet (worn)
 q - a +0 shield (worn)
 u - a +1 pair of gloves (worn)
Jewellery
 x - a ring of poison resistance (left hand)
Scrolls
 b - a scroll of immolation {unknown}
 h - a scroll of enchant armour {unknown}
 k - a scroll of enchant weapon {unknown}
 m - 4 scrolls of remove curse {unknown}
 o - a scroll of teleportation {unknown}
 r - a scroll of fear {unknown}
 s - a scroll of blinking {unknown}
Potions
 d - 4 potions of curing
 e - a potion of agility
 g - a potion of mutation
 i - 2 potions of resistance
 j - a potion of cancellation {unknown}
 n - 2 potions of flight
 p - a potion of invisibility {unknown}
 t - a potion of magic {unknown}
 v - a potion of berserk rage {unknown}
 w - a potion of haste {unknown}
 z - a potion of might
 A - a potion of lignification {unknown}
Comestibles
 c - 7 rations


   Skills:
 - Level 3.0 Fighting
 + Level 3.7 Long Blades
 + Level 1.8 Armour
 + Level 3.7 Dodging
 - Level 1.7 Stealth
 + Level 0.9 Shields


You had 3 spell levels left.
You didn't know any spells.

Dungeon Overview and Level Annotations

Branches:
Dungeon (4/15)
 Temple: D:4-7

Altars:
Kikubaaqudgha
Zin

Shops:
D:4 !


Innate Abilities, Weirdness & Mutations

You are partially covered in icy blue scales. (AC +2)
When hurt, damage is shared between your health and your magic reserves.


Message History

The orc moves out of view.
An orc wizard comes into view. It is wielding a dagger.
Unknown command.
The crimson imp throws a stone.
The stone hits you but does no damage.
You see here a stone.
You see here a stone.
The orc priest invokes the aid of Beogh against you.
Pain shoots through your body!
The orc priest mumbles some strange prayers to Beogh against you.
Beogh smites you!
* * * LOW HITPOINT WARNING * * *
You hear a shout!
You see here a stone.
The orc priest calls down the wrath of Beogh upon you.
Beogh smites you!
* * * LOW HITPOINT WARNING * * *
You see here a stone.
The orc priest invokes the aid of Beogh against you.
Beogh smites you!
You die...

****,#.##*,***,* *,*
#,#5..,,,,,,*
*,**********
#.#..#*,*****
*,,,,,,,,,,, *.#..#*,*
************ *,....,,*
********** **#..#***
*,,,,,,,,, #..#
*,******** #..##########
*,* * #..((.((@...# *,*
#o#########.# *,* #.* #.#
*,* #o* #.# *,* *#.** #.#
*,*
*******.o,**######.####.#
*,,,,,,o.,,.............#
*,*****.o,,#######..#####
*,* **,*,* #..#


You could see an orc priest.

Vanquished Creatures
  2 worker ants
  Robin (D:3)
  An ooze (D:1)
  2 worms (D:2)
  2 leopard geckos
  An orc (D:4)
  4 giant cockroaches
  18 goblins
  6 hobgoblins
  8 bats
  A frilled lizard (D:1)
  10 kobolds
  5 rats
61 creatures vanquished.

Notes
Turn   | Place    | Note
-------+----------+-------------------------------------------
     0 | D:1      | RedPan the Demonspawn Monk began the quest for the Orb.
     0 | D:1      | Reached XP level 1. HP: 18/18 MP: 1/1
   349 | D:1      | Gained mutation: You are partially covered in icy blue scales. (AC +2) [demonic ancestry]
   349 | D:1      | Reached XP level 2. HP: 21/24 MP: 2/2
   673 | D:1      | Reached XP level 3. HP: 28/29 MP: 3/3
  1136 | D:2      | Reached skill level 1 in Armour
  1821 | D:2      | Gained mutation: When hurt, damage is shared between your health and your magic reserves. [demonic ancestry]
  1821 | D:2      | Reached XP level 4. HP: 35/35 MP: 4/4
  2022 | D:2      | Found an ancient bone altar of Kikubaaqudgha.
  2410 | D:3      | Noticed Robin
  2708 | D:3      | Killed Robin
  3996 | D:4      | Found a glowing silver altar of Zin.
  4126 | D:4      | Found Aptewao's Distillery.
  4129 | D:4      | Bought a potion of mutation for 104 gold pieces
  4129 | D:4      | Bought a potion of might for 52 gold pieces
  4215 | D:4      | HP: 1/35 [orc priest/divine providence (9)]
  4216 | D:4      | Killed from afar by an orc priest

Vault maps used:
D:1:      minmay_arrival_four_houses, minmay_misc_feat_square
D:2:      nicolae_overflow_hidden_temple
D:3:      first_ration, dk_noncrumbling_3, uniq_robin
D:4:      lemuel_doored_altar, nicolae_ru_path_of_blood, kennysheep_little_box,
          serial_shops, shop, minmay_goblin_kobold_house

Skill      XL: |  1  2  3 |
---------------+----------+-----
Long Blades    | 3 |  3.7
Dodging        | 3 |  3.7
Armour         | 1 |  1.8
Fighting       | |  3.0
Stealth        | |  1.7
Shields        | |  0.9

Action                   |  1- 3 |  4- 6 || total
-------------------------+-------+-------++-------
Melee: Falchion          |   126 |   108 ||   234
  Use: Scroll            |       |     5 ||     5
 Stab: Sleeping          |     3 |     1 ||     4
  Eat: Chunk             |     2 |     7 ||     9
Armor: Robe              |     7 |       ||     7
       Ring mail         |    43 |    62 ||   105
Dodge: Dodged            |    87 |    53 ||   140
Block: Shield            |       |    53 ||    53
       Rpst.: Falchion   |    26 |    23 ||    49

Table legend:
 A = Spawn XP
 B = Non-spawn XP
 C = Spawn XP percentage of total XP
 D = Spawn monster count
 E = Non-spawn monster count
 F = Spawn count percentage of total count
 G = Total turns spent on level
                    A         B        C        D         E        F      G
               +---------+---------+-------+---------+---------+-------+---------
         Total |       0 |     194 |   0.0 |       0 |      61 |   0.0 |  4216
               +---------+---------+-------+---------+---------+-------+---------
           D:1 |       0 |      48 |   0.0 |       0 |      25 |   0.0 |  1038
           D:2 |       0 |      72 |   0.0 |       0 |      20 |   0.0 |  1655
           D:3 |       0 |      71 |   0.0 |       0 |      15 |   0.0 |  1209
           D:4 |       0 |       3 |   0.0 |       0 |       1 |   0.0 |   314
               +---------+---------+-------+---------+---------+-------+---------
